 Dungeon Crawl Stone Soup version 0.32-a0-699-g1ee5eff69a (webtiles) character file.

Game seed: 5823181779430372609

6752 Alarak the Protected (level 11, 0/69 HPs)
             Began as a Gargoyle Fighter on Mar 13, 2024.
             Was a Priest of Okawaru.
             Constricted to death by Erica (5 damage)
             ... on level 9 of the Dungeon.
             The game lasted 00:25:19 (9337 turns).

Alarak the Protected (Gargoyle Fighter)             Turns: 9337, Time: 00:25:22

Health: 0/69       AC: 28    Str: 24    XL:     11   Next: 4%
Magic:  14/14      EV:  0    Int:  9    God:    Okawaru [***...]
Gold:   462        SH:  5    Dex: 15    Spells: 10/10 levels left

rFire   + . .        G - +0 shortbow
rCold   . . .        (shield currently unavailable)
rNeg    + . .        Q - +2 chain mail {rF+}
rPois   ∞            s - +0 helmet
rElec   +            v - +0 cloak
rCorr   .            C - +0 pair of gloves
SInv    .            w - +0 pair of boots {rampage}
Will    .....        g - amulet of reflection Stlth
                     P - +4 ring of slaying
HPRegen 0.31/turn    i - +6 ring of dexterity
MPRegen 0.14/turn

%: reflection, rampage
@: constricted
A: sickness immunity, AC +8, negative energy resistance 1, electricity
resistance, torment resistance 1, petrification resistance
a: Renounce Religion, Heroism


You were on level 9 of the Dungeon.
You worshipped Okawaru.
Okawaru was most pleased with you.
You visited 1 branch of the dungeon, and saw 9 of its levels.
You also visited: Ossuary.

You collected 462 gold pieces.

Inventory:

Hand Weapons
 a - a +0 vampiric flail
 m - a +1 morningstar
 F - a +5 hand axe
 G - a +0 shortbow (weapon)
 M - a +4 dire flail
Missiles
 p - 27 poisoned darts
 r - 3 javelins
Armour
 c - a +0 buckler
 s - a +0 helmet (worn)
 v - a +0 cloak (worn)
 w - a +0 pair of boots of rampaging (worn)
 C - a +0 pair of gloves (worn)
 Q - a +2 chain mail of fire resistance (worn)
Jewellery
 e - an amulet of guardian spirit
 g - an amulet of reflection (around neck)
 h - a +6 ring of intelligence
 i - a +6 ring of dexterity (right hand)
 q - the amulet "Son Lodil" {Acrobat Harm rElec rF+ Int-2}
   (You found it on level 4 of the Dungeon)

   [amulet of the acrobat]

   Acrobat:   It increases your evasion while moving and waiting.
   Int-2:     It affects your intelligence (-2).
   rF+:       It protects you from fire.
   rElec:     It insulates you from electricity.
   Harm:      It increases damage dealt and taken.
 P - a +4 ring of slaying (left hand)
Wands
 k - a wand of roots (4)
 t - a wand of quicksilver (10)
 y - a wand of flame (15)
 K - a wand of polymorph (10)
 N - a wand of mindburst (17)
 O - a wand of paralysis (2)
Scrolls
 d - 2 scrolls of fog
 o - 4 scrolls of teleportation
 x - 2 scrolls of immolation {unknown}
 E - 3 scrolls of identify
 H - a scroll of blinking {unknown}
 J - a scroll of poison {unknown}
Potions
 b - 4 potions of curing
 f - 5 potions of lignification
 j - 3 potions of invisibility
 l - 3 potions of enlightenment
 n - 2 potions of haste {unknown}
 u - a potion of degeneration {unknown}
 z - 2 potions of magic {unknown}
 A - 2 potions of mutation {unknown}
 B - 2 potions of brilliance {unknown}
 D - a potion of resistance {unknown}
 I - a potion of ambrosia {unknown}
 L - a potion of attraction {unknown}


   Skills:
 - Level 8.4 Fighting
 - Level 8.3 Maces & Flails
 - Level 12.2 Armour
 - Level 4.1 Dodging
 - Level 3.2 Shields
 + Level 4.3 Invocations


You had 10 spell levels left.
You didn't know any spells.
Your spell library contained the following spells:

 Spells                   Type           Power      Damage    Failure   Level
 Kiss of Death            Conj/Necr      0%         2d5       85%         1
 Blink                    Tloc           0%         N/A       94%         2
 Ensorcelled Hibernation  Hex/Ice        0%         N/A       94%         2
 Mercury Vapours          Alch/Air       0%         N/A       94%         2
 Scorch                   Fire           0%         2d5       94%         2
 Searing Ray              Conj           0%         2d4       94%         2
 Confusing Touch          Hex            0%         N/A       99%         3
 Passwall                 Erth           0%         N/A       99%         3
 Swiftness                Air            0%         N/A       99%         3
 Dispel Undead            Necr           0%         3d6       100%        4
 Flame Wave               Conj/Fire      0%         2d4       100%        4
 Borgnjor's Vile Clutch   Necr/Erth      0%         N/A       100%        5
 Ozocubu's Refrigeration  Ice            0%         4d7       100%        7
 Cigotuvi's Dreadful Rot  Necr/Alch/Air  Unusable   N/A       N/A         2
 Animate Dead             Necr           Unusable   N/A       N/A         4
 Death Channel            Necr           Unusable   N/A       N/A         6
 Sculpt Simulacrum        Ice/Alch       Unusable   N/A       N/A         6
 Summon Cactus Giant      Summ           Unusable   N/A       N/A         6

Dungeon Overview and Level Annotations

Branches:
Dungeon (9/15)             Temple (0/1) D:7         Ossuary (visited)
   Lair: D:8-11         Orc: D:9-12

Altars:
Elyvilon
Okawaru
Xom

Shops:
D:3 =   D:6 =

Annotations:
D:9 Erica


Innate Abilities, Weirdness & Mutations

You are immune to sickness and miasma.
Your stone body is resilient. (AC +8)
You are immune to poison.
You resist negative energy. (rN+)
You are resistant to electric shocks. (rElec)
You are resistant to unholy torment.
You are immune to petrification.


Message History

A bolt of poison appears from out of thin air!
The bolt of poison hits you but does no damage.
You resist.
You are constricted.
You shoot an arrow. Something hits you but does no damage.
You are constricted.
Something hits you. Something burns you.
You are constricted.
You shoot an arrow.
The arrow hits the hound but does no damage.
Something hits you but does no damage.
You are constricted.
Something hits you but does no damage.
You are constricted.
Something hits you!
You are constricted.
You shoot an arrow. The arrow misses the hound.
You feel yourself speed up. Something hits you but does no damage.
You are constricted.
Something hits you.
You are constricted.
You are too injured to fight recklessly!
Unknown command.
You are too injured to fight recklessly!
Fire: G) +0 shortbow
Press: ? - help, Shift-Dir - straight line, f/p - hound
Aim: a hound (heavily wounded, 58% to hit)
You shoot an arrow. The arrow hits the hound!
The hound is almost dead.
You hear some strange, mumbled words.
Something tries to affect you, but you resist.
You are constricted.
Something hits you but does no damage.
You are constricted.
Fire: G) +0 shortbow
Press: ? - help, Shift-Dir - straight line, f/p - hound
Aim: a hound (almost dead, 58% to hit)
You shoot an arrow. The arrow barely misses the hound.
Something hits you!
* * * LOW HITPOINT WARNING * * *
Something burns you.
* * * LOW HITPOINT WARNING * * *
You are constricted.
* * * LOW HITPOINT WARNING * * *
You hear some strange, mumbled words.
A bolt of poison appears from out of thin air!
The bolt of poison hits you but does no damage.
You resist.
You are constricted.
You die...

#......'......'.
#..#.#.
########......##
....... ###'####
.....~. #.#
~..~... #.#
~~.~~.. #.#
≈~≈≈.~. #.#
≈≈≈≈≈..#### ##.#
~≈~≈≈~~@..# #..#
≈.≈≈≈≈{##.#####
#.## .~~≈≈≈≈
#.<...###.#
..~†≈≈≈
#####.....######
..~≈≈≈≈
#####.......
.~~~≈≈≈ #.##..##
..~≈~~. ####''##
..≈~≈.. #≈§≈..≈≈
#§§§....


There were no monsters in sight!

Vanquished Creatures
  Pikel (D:6)
  3 kobold demonologists (D:9)
  2 trolls (D:9)
  6 yaks (D:9)
  A wyvern (D:9)
  A steam dragon (D:7)
  A water moccasin (D:7)
  An orc warrior (D:9)
  An ice beast (D:7)
  4 sky beasts
  An ogre (D:6)
  2 centaurs (D:9)
  A wolf (D:9)
  3 phantoms
  2 kobold brigands (D:9)
  2 bullfrogs
  A gnoll sergeant (D:9)
  4 scorpions
  9 wights
  15 killer bees
  A howler monkey (D:9)
  2 bombardier beetles (D:4)
  9 hounds
  A jelly (D:6)
  2 centaur skeletons (Ossuary)
  3 orc priests
  2 spectral scorpions (Ossuary)
  Crazy Yiuf (D:5)
  3 iguanas
  A crocodile zombie (Ossuary)
  8 mummies (Ossuary)
  4 gnolls (D:9)
  7 adders
  4 white imps
  6 ufetubi
  A dart slug (D:1)
  2 ribbon worms
  15 orcs
  12 ball pythons
  4 bats
  8 endoplasms
  4 giant cockroaches
  12 goblins
  4 hobgoblins
  8 jackals
  4 quokkas (D:1)
  A frilled lizard (D:1)
  7 kobolds
  2 kobold skeletons (Ossuary)
  4 orc skeletons (Ossuary)
  A quokka zombie (D:7)
  4 rats
  A rat zombie (D:7)
  10 spectral rats (Ossuary)
219 creatures vanquished.

Notes
Turn   | Place    | Note
-------+----------+-------------------------------------------
     0 | D:1      | Alarak the Gargoyle Fighter began the quest for the Orb.
     0 | D:1      | Reached XP level 1. HP: 14/14 MP: 1/1
    96 | D:1      | Reached XP level 2. HP: 13/19 MP: 2/2
   295 | D:1      | You fall into a shaft and drop 1 floor!
   400 | D:2      | Reached XP level 3. HP: 23/23 MP: 3/3
   692 | D:2      | Found a white marble altar of Elyvilon.
   994 | D:1      | Reached XP level 4. HP: 28/28 MP: 4/4
  1913 | D:3      | Reached skill level 5 in Maces & Flails
  1913 | D:3      | Reached XP level 5. HP: 13/32 MP: 5/5
  2402 | D:3      | Found Gooxe's Jewellery Shoppe.
  2426 | D:3      | Found a shimmering altar of Xom.
  2832 | D:4      | Reached XP level 6. HP: 36/37 MP: 6/6
  3278 | D:4      | Identified the amulet "Son Lodil" {Acrobat Harm rElec rF+
                  | Int-2}
  3959 | D:5      | Entered Level 5 of the Dungeon
  4194 | D:5      | Reached XP level 7. HP: 35/41 MP: 7/7
  4445 | D:5      | Found an iron altar of Okawaru.
  4499 | D:5      | Found a runed translucent door.
  4500 | D:5      | Noticed Crazy Yiuf
  4767 | D:5      | Killed Crazy Yiuf
  5108 | D:6      | Reached skill level 5 in Fighting
  5108 | D:6      | Reached XP level 8. HP: 8/49 MP: 8/8
  5298 | D:6      | Found Imysuat's Jewellery Boutique.
  5319 | D:6      | Noticed Pikel
  5379 | D:6      | Killed Pikel
  5655 | D:5      | Became a worshipper of Warmaster Okawaru
  5735 | D:7      | Found a staircase to the Ecumenical Temple.
  5751 | D:7      | Reached skill level 4 in Armour
  5760 | D:7      | Got the Volume of the Chill and Arcane Weapons
  5779 | D:7      | Reached XP level 9. HP: 60/60 MP: 9/9
  5796 | D:7      | Reached skill level 5 in Armour
  5815 | D:7      | Reached skill level 6 in Armour
  5826 | D:7      | Found a sand-covered staircase.
  5904 | Ossuary  | Entered an ossuary
  6145 | Ossuary  | Reached skill level 7 in Armour
  6208 | Ossuary  | Reached * piety under Okawaru
  6542 | D:7      | Reached skill level 8 in Armour
  6974 | D:7      | Reached skill level 9 in Armour
  7477 | D:8      | Reached ** piety under Okawaru
  8264 | D:8      | Reached skill level 10 in Armour
  8280 | D:9      | Reached XP level 10. HP: 52/65 MP: 7/10
  8627 | D:9      | Reached skill level 11 in Armour
  8900 | D:9      | Noticed a kobold demonologist
  8931 | D:9      | Noticed a kobold demonologist
  8943 | D:9      | Noticed an orange demon
  8943 | D:9      | Killed a kobold demonologist
  8944 | D:9      | Reached skill level 12 in Armour
  8956 | D:9      | Killed a kobold demonologist
  8957 | D:9      | Reached skill level 1 in Dodging
  8975 | D:9      | Noticed a kobold demonologist
  9006 | D:9      | Noticed a sixfirhy
  9008 | D:9      | Reached *** piety under Okawaru
  9031 | D:9      | Killed a kobold demonologist
  9148 | D:9      | Got Qiymm's Willworking, Part Two
  9228 | D:9      | Reached XP level 11. HP: 69/69 MP: 11/13
  9325 | D:9      | Noticed Erica
  9337 | D:9      | Constricted to death by Erica

Illustrated notes

Levels and vault maps discovered:
D:1:      psy_arrival_radial01, layout_basic, hex_intersection
D:2:      layout_basic, basic_altar
D:3:      layout_basic, mainiacjoe_overflow_catwalk, serial_shops,
          nicolae_lakefront_shop, nicolae_eternal_life,
          minmay_shallow_snake_nest
D:4:      layout_cave_pods, small_statue_alley_b, hangedman_decor_push
D:5:      layout_basic, mainiacjoe_overflow_alcove_2, kennysheep_path_1,
          uniq_crazy_yiuf_cottage
D:6:      layout_basic, serial_shops, shop, item_on_display_a, uniq_pikel
D:7:      layout_basic, minmay_temple_entry_offerings, enter_ossuary_4
D:8:      layout_gridville, minivault_5
D:9:      layout_roguey, erik_lair_island, kennysheep_generic_room_6, uniq_erica

Skill      XL: |  1  2  3  4  5  6  7  8  9 10 11 |
---------------+----------------------------------+-----
Maces & Flails | 3 4 5 6 7 8 |  8.3
Fighting       | 5 8 |  8.4
Armour         | 4 10 12 | 12.2
Dodging        | 4 |  4.1
Invocations    | 3 4 |  4.3
Shields        | |  3.2

Action                     |  1- 3 |  4- 6 |  7- 9 | 10-12 || total
---------------------------+-------+-------+-------+-------++-------
  Melee: Flail             |    84 |   193 |   303 |       ||   580
         Hand axe          |       |       |    72 |       ||    72
         Dire flail        |       |       |    44 |   157 ||   201
         Morningstar       |       |       |       |    24 ||    24
   Fire: Shortbow          |       |       |       |    29 ||    29
  Throw: Dart              |       |     4 |       |       ||     4
 Invoke: Heroism           |       |       |     2 |     4 ||     6
    Use: Scroll            |       |     7 |     4 |       ||    11
         Potion            |       |       |     2 |     3 ||     5
   Stab: Invisible         |       |       |     1 |     1 ||     2
 Armour: Scale mail        |    73 |    38 |       |       ||   111
         Chain mail        |       |   112 |   412 |   204 ||   728
  Dodge: Dodged            |    39 |    69 |   209 |    89 ||   406
  Block: Buckler           |    24 |    45 |   173 |    21 ||   263
         Other             |       |       |    31 |    33 ||    64
         Reflection        |       |       |     1 |     1 ||     2

Table legend: (Time is in decaauts)
 A = Elapsed time spent in this place.
 B = Non-inter-level travel time spent in this place.
 C = Inter-level travel time spent in this place.
 D = Time resting spent in this place.
 E = Time spent auto-exploring this place.
 F = Levels seen in this place.
 G = Mean time per level.
                   A        B        C        D        E       F      G
               +--------+--------+--------+--------+--------+-----+--------+
         Total |   9389 |   8724 |    665 |    842 |   6132 |  10 |  938.9 |
       Dungeon |   8884 |   8219 |    665 |    842 |   5843 |   9 |  987.1 |
       Ossuary |    505 |    505 |      0 |      0 |    289 |   1 |  505.0 |
               +--------+--------+--------+--------+--------+-----+--------+

Top non-repeatable levels by time:
     D:4: 1210 daAuts
     D:7: 1068 daAuts
     D:9: 1060 daAuts
     D:5: 1030 daAuts
     D:3: 1013 daAuts
     D:8: 999 daAuts
     D:1: 894 daAuts
     D:2: 893 daAuts
     D:6: 714 daAuts
 Ossuary: 505 daAuts
